 Dungeon Crawl Stone Soup version 0.26.1-11-gd32895ea62 (webtiles) character file.

Game seed: 2145299067486831386

93 bnorton916 the Shield-Bearer (level 4, -11/37 HPs)
             Began as a Formicid Fighter on June 11, 2021.
             Mangled by Menkaure (15 damage)
             ... on level 5 of the Dungeon.
             The game lasted 00:02:40 (1503 turns).

bnorton916 the Shield-Bearer (Formicid Fighter)     Turns: 1503, Time: 00:02:40

Health: -11/37     AC:  7    Str: 21 (22) XL:     4   Next: 91%
Magic:  4/4        EV:  8    Int:  6 (7)  God:
Gold:   103        SH:  9    Dex:  7 (10) Spells: 3/3 levels left

rFire    . . .     SeeInvis +   a - +0 war axe
rCold    . . .     Faith    .   c - +0 kite shield
rNeg     . . .     Spirit   .   b - +0 scale mail
rPois    .         Reflect  .   (helmet unavailable)
rElec    .         Harm     .   (no cloak)
rCorr    .         Rampage  .   (no gloves)
Will     .....                  (no boots)
Stlth    ..........             (no amulet)
HPRegen  0.12/turn              (no ring)
MPRegen  0.09/turn              (no ring)

@: attractive
A: permanent stasis, dig shafts and tunnels, four strong arms, antennae 3
a: Dig, Shaft Self


You were on level 5 of the Dungeon.
You visited 1 branch of the dungeon, and saw 5 of its levels.

You collected 103 gold pieces.

Inventory:

Hand Weapons
 a - a +0 war axe (weapon)
Armour
 b - a +0 scale mail (worn)
 c - a +0 kite shield (worn)
Scrolls
 e - 2 scrolls of remove curse {unknown}
 g - 2 scrolls of fear {unknown}
 h - a scroll of magic mapping {unknown}
 k - 3 scrolls of teleportation {unknown}
 l - 2 scrolls of identify {unknown}
 m - a scroll of enchant armour {unknown}
 n - a scroll of blinking {unknown}
 o - a scroll of enchant weapon {unknown}
 p - a scroll of immolation {unknown}
Potions
 d - a potion of might
 j - a potion of curing {unknown}


   Skills:
 + Level 4.0 Fighting
 + Level 2.8 Axes
 + Level 4.1 Armour
 + Level 4.3 Shields


You had 3 spell levels left.
You didn't know any spells.
Your spell library was empty.

Dungeon Overview and Level Annotations

Branches:
Dungeon (5/15)
 Temple: D:4-7

Altars:
Ashenzari

Annotations:
D:5 Menkaure


Innate Abilities, Weirdness & Mutations

You cannot be hasted, slowed, berserked, paralysed or teleported.
You can dig through walls and to a lower floor.
Your four strong arms can wield two-handed weapons with a shield.
You have a pair of large antennae on your head. (SInv)


Message History

Menkaure, Prince of Dust comes into view.
Menkaure shouts!
Menkaure barely misses you.
There is a stone staircase leading up here.
You completely miss Menkaure. Menkaure hits you.
You hit Menkaure but do no damage. Menkaure hits you!
Menkaure calls on the powers of darkness!
Your body is wracked with pain!
* * * LOW HITPOINT WARNING * * *
You barely miss Menkaure.
Menkaure points at you and mumbles some strange words.
Pain shoots through your body!
* * * LOW HITPOINT WARNING * * *
It was a potion of attraction.
You feel attractive to monsters.
It was a potion of degeneration.
There was something very wrong with that liquid.
You feel weakened.
You feel dopey.
You feel clumsy. Menkaure hits you!
You die...

#..# #..#
#..# #?.#
{ #..#
#..#######
#.........
#.########
{#@M....#
#.####.#
#.# #.#
#.# #.#
#.# ..#


You could see Menkaure.

Vanquished Creatures
  An orc priest (D:3)
  2 adders
  6 orcs
  2 bats (D:1)
  2 giant cockroaches
  6 goblins
  3 hobgoblins (D:1)
  3 jackals (D:1)
  4 kobolds
  A ball python skeleton (D:4)
  3 frilled lizards
  A leopard gecko skeleton (D:4)
  4 rats
38 creatures vanquished.

Notes
Turn   | Place    | Note
-------+----------+-------------------------------------------
     0 | D:1      | bnorton916 the Formicid Fighter began the quest for the
                  | Orb.
     0 | D:1      | Reached XP level 1. HP: 18/18 MP: 1/1
    87 | D:1      | Reached XP level 2. HP: 24/24 MP: 2/2
   203 | D:1      | Found a broken altar of Ashenzari.
   708 | D:1      | Reached XP level 3. HP: 29/29 MP: 3/3
  1075 | D:3      | Reached XP level 4. HP: 18/37 MP: 4/4
  1496 | D:5      | Entered Level 5 of the Dungeon
  1497 | D:5      | Noticed Menkaure
  1503 | D:5      | Mangled by Menkaure

Illustrated notes

Levels and vault maps discovered:
D:1:      moated_graveyard_arrival, layout_basic, minmay_misc_feat_enclosed,
          ashenzari_altar_1
D:2:      layout_basic
D:3:      layout_basic, minivault_5, dk_noncrumbling_4, guppyfry_early_orc_mine,
          uniq_crazy_yiuf_cottage
D:4:      layout_loops_corners, tgw_xom, uniq_robin, uniq_sigmund, uniq_edmund
D:5:      layout_basic, elyvilon_altar_5, serial_shops, shop, uniq_menkaure

Skill      XL: |  1  2  3  4 |
---------------+-------------+-----
Shields        | 4 |  4.3
Armour         | 4 |  4.1
Fighting       | 4 |  4.0
Axes           | |  2.8

Action                   |  1- 3 |  4- 6 || total
-------------------------+-------+-------++-------
Melee: War axe           |    75 |    28 ||   103
  Use: Potion            |       |     2 ||     2
Armor: Scale mail        |    35 |    11 ||    46
Dodge: Dodged            |    33 |    11 ||    44
Block: Kite shield       |    48 |     9 ||    57
